 Dungeon Crawl Stone Soup version 0.28.0-47-ge53b351184 (webtiles) character file.

Game seed: 14997957507147652275

5 Descartes the Grasshopper (level 1, 0/16 HPs)
             Began as a Formicid Warper on May 9, 2022.
             Slain by a kobold
             ... wielding a +0 short sword
              (2 damage)
             ... on level 1 of the Dungeon.
             The game lasted 00:00:58 (292 turns).

Descartes the Grasshopper (Formicid Warper)          Turns: 292, Time: 00:00:59

Health: 0/16       AC:  3    Str: 15    XL:     1   Next: 88%
Magic:  3/3        EV: 11    Int: 12    God:
Gold:   20         SH:  0    Dex: 10    Spells: 4/4 levels left

rFire   . . .      SeeInvis +   a - +0 mace
rCold   . . .      Faith    .   (no shield)
rNeg    . . .      Spirit   .   b - +0 leather armour
rPois   .          Reflect  .   (helmet unavailable)
rElec   .          Harm     .   (no cloak)
rCorr   .          Rampage  .   (no gloves)
Will    .....                   (no boots)
Stlth   +.........              (no amulet)
HPRegen 0.05/turn               (no ring)
MPRegen 0.08/turn               (no ring)

@: no status effects
A: permanent stasis, dig shafts and tunnels, antennae 3, four strong arms
a: Dig, Shaft Self


You were on level 1 of the Dungeon.
You visited 1 branch of the dungeon, and saw 1 of its levels.

You collected 20 gold pieces.

Inventory:

Hand Weapons
 a - a +0 mace (weapon)
Missiles
 c - 5 boomerangs of dispersal (quivered)
 e - 31 stones
Armour
 b - a +0 leather armour (worn)
Scrolls
 d - 2 scrolls of teleportation {unknown}


   Skills:
 - Level 2.1 Fighting
 + Level 2.1 Maces & Flails
 - Level 1.0 Throwing
 + Level 1.3 Armour
 - Level 1.7 Dodging
 + Level 0.6 Shields
 - Level 2.1 Spellcasting
 + Level 2.7 Translocations


You had 4 spell levels left.
You didn't know any spells.
Your spell library contained the following spells:

 Spells                   Type           Power      Damage    Failure   Level
 Gell's Gravitas          Tloc           8%         N/A       30%         3
 Lesser Beckoning         Tloc           8%         N/A       30%         3
 Teleport Other           Tloc           8%         N/A       30%         3
 Scorch                   Fire           2%         2d5       45%         2
 Flame Wave               Conj/Fire      1%         2d4       97%         4
 Manifold Assault         Tloc           8%         N/A       96%         5
 Summon Cactus Giant      Summ           0%         N/A       100%        6
 Blink                    Tloc           Unusable   N/A       N/A         2

Dungeon Overview and Level Annotations

Branches:
Dungeon (1/15)

Altars:


Innate Abilities, Weirdness & Mutations

You cannot be hasted, slowed, berserked, paralysed or teleported.
You can dig through walls and to a lower floor.
You have a pair of large antennae on your head. (SInv)
Your four strong arms can wield two-handed weapons with a shield.


Message History

You are too injured to fight recklessly!
You are too injured to fight recklessly!
You are too injured to fight recklessly!
You are too injured to fight recklessly!
You are too injured to fight recklessly!
You are too injured to fight recklessly!
You are too injured to fight recklessly!
You are too injured to fight recklessly!
You are too injured to fight recklessly!
You are too injured to fight recklessly!
You are too injured to fight recklessly!
You are too injured to fight recklessly!
You are too injured to fight recklessly!
You are too injured to fight recklessly!
You are too injured to fight recklessly!
You are too injured to fight recklessly!
You barely miss the kobold. The kobold closely misses you.
You closely miss the kobold.
The kobold hits you with a +0 short sword.
Unknown command.
You barely miss the kobold. The kobold misses you.
The kobold barely misses you.
You closely miss the kobold.
A goblin comes into view. It is wielding a +0 club.
The kobold hits you but does no damage.
You completely miss the kobold.
The goblin shouts!
The kobold hits you with a +0 short sword.
* * * LOW HITPOINT WARNING * * *
You completely miss the kobold. The kobold misses you.
You completely miss the kobold.
The kobold hits you with a +0 short sword.
* * * LOW HITPOINT WARNING * * *
An endoplasm comes into view.
The kobold misses you.
The endoplasm quivers.
You hit the kobold.
The kobold is severely wounded.
The kobold hits you with a +0 short sword.
You die...

....#.#
#..###.#......# #.#
##...#.##.......#.#
###.#.#.#.........
.# #.#.#. #........
... #.#.##########
#..###.#...#.###
#.............##
###..).........#.
#.......@Kg...J.
#...............
#...>........(.#
#..............#
#..............#
##............##
##....:......#
#########...#


You could see an endoplasm, a goblin and a kobold.

Vanquished Creatures
  A bat (D:1)
  3 kobolds (D:1)
  A frilled lizard (D:1)
5 creatures vanquished.

Notes
Turn   | Place    | Note
-------+----------+-------------------------------------------
     0 | D:1      | Descartes the Formicid Warper began the quest for the Orb.
     0 | D:1      | Reached XP level 1. HP: 16/16 MP: 3/3
   292 | D:1      | Slain by a kobold

Illustrated notes

Levels and vault maps discovered:
D:1:      matt_arrival_grand_opening, layout_rooms

Action                   || total
-------------------------++-------
Melee: Mace              ||    26
Armor: Leather armour    ||     8
Dodge: Dodged            ||    18
